 Dungeon Crawl Stone Soup version 0.31-a0-229-g1fc7ce93e2 (webtiles) character file.

Game seed: 12009316554415532948

408 DavidChitty2 the Chopper (level 6, -1/56 HPs)
             Began as a Hill Orc Fighter on July 6, 2023.
             Slain by Duvessa
             ... wielding a +0 short sword
              (10 damage)
             ... on level 4 of the Dungeon.
             The game lasted 00:04:51 (3347 turns).

DavidChitty2 the Chopper (Hill Orc Fighter)         Turns: 3347, Time: 00:04:51

Health: -1/56      AC:  7    Str: 21    XL:     6   Next: 88%
Magic:  6/6        EV:  9    Int:  8    God:
Gold:   259        SH:  5    Dex: 16    Spells: 5/5 levels left

rFire   . . .        a - +0 war axe
rCold   . . .        c - +0 buckler
rNeg    . . .        n - +0 scale mail
rPois   .            (no helmet)
rElec   .            (no cloak)
rCorr   .            (no gloves)
SInv    .            (no boots)
Will    +....        (no amulet) Stlth
                     g - ring of willpower
HPRegen 0.29/turn    r - +6 ring of dexterity
MPRegen 0.10/turn

%: no passive effects
@: no status effects
A: no striking features
a: no special abilities


You were on level 4 of the Dungeon.
You visited 1 branch of the dungeon, and saw 4 of its levels.

You collected 259 gold pieces.

Inventory:

Hand Weapons
 a - a +0 war axe (weapon)
 b - the +6 hammer of Symmetry {venom, Stlth+}
   (You found it on level 2 of the Dungeon)

   Stlth:     It makes you more stealthy.
Missiles
 l - 7 poisoned darts (quivered)
Armour
 c - a +0 buckler (worn)
 m - a +0 cloak
   (You took it off Crazy Yiuf on level 2 of the Dungeon)
 n - a +0 scale mail (worn)
Jewellery
 g - a ring of willpower (left hand)
   (You found it on level 1 of the Dungeon)
 o - a ring of protection from cold
   (You found it on level 3 of the Dungeon)
 r - a +6 ring of dexterity (right hand)
   (You found it on level 3 of the Dungeon)
Wands
 t - a wand of flame (17)
   (You took it off Crazy Yiuf on level 2 of the Dungeon)
Scrolls
 e - 2 scrolls of teleportation {unknown}
 h - 3 scrolls of identify {unknown}
 i - a scroll of silence {unknown}
 j - a scroll of blinking {unknown}
 k - a scroll of vulnerability {unknown}
 p - 3 scrolls of fog {unknown}
Potions
 d - a potion of might
 f - a potion of degeneration {unknown}
 q - a potion of enlightenment {unknown}
 s - 3 potions of curing {unknown}


   Skills:
 + Level 5.1 Fighting
 * Level 6.2 Axes
 + Level 4.6 Armour
 + Level 4.7 Shields


You had 5 spell levels left.
You didn't know any spells.
Your spell library contained the following spells:

 Spells                   Type           Power      Damage    Failure   Level
 Ensorcelled Hibernation  Hex/Ice        0%         N/A       91%         2
 Passwall                 Tmut/Erth      0%         N/A       91%         2
 Ozocubu's Armour         Ice            0%         N/A       99%         3
 Swiftness                Air            0%         N/A       99%         3
 Metabolic Englaciation   Hex/Ice        0%         N/A       100%        5
 Simulacrum               Ice/Necr       0%         N/A       100%        6


Dungeon Overview and Level Annotations

Branches:
Dungeon (4/15)
 Temple: D:4-7

Altars:
Ashenzari
Cheibriados
Dithmenos
Okawaru
Trog
Uskayaw
The Shining One

Shops:
D:3 *

Annotations:
D:4 Dowan, Duvessa, Menkaure


Message History

Dowan says, "Magic and the sword, together, will defeat you."
The ball python bites you. The ball python grabs you.
The ball python constricts you.
The howler monkey hoots and howls with incredible vigour!
You hear a shout! x4; You hear a bark!
You barely miss the ball python. You block the ball python's attack.
The ball python constricts you.
Dowan gestures wildly while chanting.
Dowan blinks!
You hit the ball python.
You kill the ball python!
You closely miss the howler monkey.
The howler monkey hits you but does no damage.
The goblin unwields a +0 club.
The goblin wields a +0 sling.
The goblin shoots a sling bullet.
The sling bullet closely misses you. The howler monkey hits you.
You slash the howler monkey!
The howler monkey hits you but does no damage.
Duvessa drinks a potion.
Duvessa seems to grow stronger.
The goblin unwields a +0 sling.
The goblin wields a +0 club.
The goblin hits you but does no damage.
You completely miss the howler monkey. You slash Duvessa! You slash the goblin!
You kill the goblin!
The howler monkey barely misses you.
The howler monkey hoots and howls with incredible vigour!
You hear a shout! x3
You closely miss the howler monkey. You hit Duvessa.
The howler monkey barely misses you. Duvessa hits you with a +0 short sword!
You hit Duvessa. You slash the howler monkey! You miss Dowan.
The howler monkey barely misses you. Duvessa barely misses you.
Dowan laughs at you. "Don't get delusional, you can't win!"
Dowan casts a spell at you. You resist with almost no effort.
The howler monkey hits you.
You hit the howler monkey.
You kill the howler monkey!
You hit Duvessa. You barely miss Dowan. Dowan hits you but does no damage.
Duvessa closely misses you. Duvessa barely misses you. Dowan barely misses you.
You closely miss Duvessa. You hit Dowan but do no damage.
Duvessa hits you with a +0 short sword!!
* * * LOW HITPOINT WARNING * * *
Dowan hits you but does no damage.
You hit Duvessa. You hit Dowan. Duvessa hits you but does no damage.
Dowan smirks and points a slender finger.
You block Dowan's attack.
Menkaure, Prince of Dust comes into view.
A ball python comes into view.
Duvessa hits you with a +0 short sword!
* * * LOW HITPOINT WARNING * * *
Duvessa attacks as you move away! Duvessa hits you with a +0 short sword!
You die...

#..........# .##
##....<....## #S..###
##..........# #.....##.
#...........# ##........
#...........# #....>....
...........#####.........
........<..............M.
.................e.......
..........####..@e.......
..........# #....)......
..........# #.......$...
.........## #............
.......[.# ##...........
.......### ............
####..# #.#.......... ###
.###.........


You could see Duvessa (strong), Menkaure, Dowan and a ball python.

Vanquished Creatures
  A howler monkey (D:4)
  A hound (D:2)
  Crazy Yiuf (D:2)
  An orc wizard (D:3)
  3 adders
  11 gnolls (D:3)
  A worm (D:2)
  3 dart slugs
  5 orcs (D:3)
  A bat skeleton (D:2)
  A bat zombie (D:2)
  7 endoplasms
  6 giant cockroaches
  27 goblins
  20 hobgoblins
  5 jackals (D:3)
  6 ball pythons
  A ball python skeleton (D:2)
  A ball python zombie (D:2)
  11 bats
  3 frilled lizards
  8 kobolds
  A quokka skeleton (D:2)
  2 quokka zombies (D:2)
  9 rats
136 creatures vanquished.

Notes
Turn   | Place    | Note
-------+----------+-------------------------------------------
     0 | D:1      | DavidChitty2 the Hill Orc Fighter began the quest for the
                  | Orb.
     0 | D:1      | Reached XP level 1. HP: 19/19 MP: 1/1
    96 | D:1      | Reached skill level 3 in Axes
   108 | D:1      | Reached XP level 2. HP: 27/27 MP: 2/2
   288 | D:1      | Reached XP level 3. HP: 33/33 MP: 3/3
   391 | D:1      | Found a faded altar of an unknown god.
   710 | D:2      | HP: 1/33 [ball python zombie (2)]
   712 | D:2      | Reached skill level 4 in Axes
   712 | D:2      | Reached XP level 4. HP: 2/40 MP: 4/4
   901 | D:2      | Found a runed translucent door.
   902 | D:2      | Noticed Crazy Yiuf
  1669 | D:2      | Killed Crazy Yiuf
  1670 | D:2      | Reached XP level 5. HP: 6/47 MP: 1/5
  1677 | D:2      | Identified the +6 hammer of Symmetry {venom, Stlth+}
  1878 | D:3      | Found Afeys's Assorted Antiques.
  2013 | D:3      | Reached skill level 5 in Axes
  2174 | D:3      | Found a shadowy altar of Dithmenos.
  2175 | D:3      | Found a hide-covered altar of Uskayaw.
  2175 | D:3      | Found a bloodstained altar of Trog.
  2190 | D:3      | Found a snail-covered altar of Cheibriados.
  2190 | D:3      | Found an iron altar of Okawaru.
  2192 | D:3      | Found a glowing golden altar of the Shining One.
  2192 | D:3      | Found a broken altar of Ashenzari.
  2362 | D:3      | Reached XP level 6. HP: 26/53 MP: 6/6
  2800 | D:3      | Reached skill level 5 in Fighting
  2854 | D:3      | Reached skill level 6 in Axes
  3333 | D:4      | Noticed Dowan
  3334 | D:4      | Noticed Duvessa
  3345 | D:4      | Noticed Menkaure
  3347 | D:4      | Slain by Duvessa

Illustrated notes

Levels and vault maps discovered:
D:1:      tarquinn_simple_flora_water_c, layout_rooms,
          hellmonk_ecumenical_altar_slurped_away
D:2:      layout_loops_ring, serial_undead, serial_undead_a, serial_undead_e,
          serial_undead_f, serial_undead_b, serial_undead_b,
          minmay_tetromino_l2, uniq_crazy_yiuf_cottage
D:3:      minmay_goblin_kobold_castle, layout_rooms, grunt_temple_overflow_open,
          serial_shops, nicolae_shop_tiny_statue_garden, serial_park_tiny_1
D:4:      minmay_thinvault, layout_cave_pods, uniq_pikel, uniq_robin,
          uniq_duvessa, uniq_menkaure

Skill      XL: |  1  2  3  4  5  6 |
---------------+-------------------+-----
Axes           | 3 4 5 6 |  6.2
Fighting       | 4 5 |  5.1
Armour         | 4 |  4.6
Shields        | 4 |  4.7

Action                     |  1- 3 |  4- 6 || total
---------------------------+-------+-------++-------
  Melee: War axe           |   110 |   210 ||   320
  Throw: Dart              |       |     6 ||     6
 Armour: Scale mail        |    73 |   108 ||   181
  Dodge: Dodged            |    61 |   117 ||   178
  Block: Buckler           |    22 |    56 ||    78

Table legend: (Time is in decaauts)
 A = Elapsed time spent in this place.
 B = Non-inter-level travel time spent in this place.
 C = Inter-level travel time spent in this place.
 D = Time resting spent in this place.
 E = Time spent auto-exploring this place.
 F = Levels seen in this place.
 G = Mean time per level.
                   A        B        C        D        E       F      G
               +--------+--------+--------+--------+--------+-----+--------+
         Total |   3447 |   3163 |    284 |    325 |   2087 |   4 |  861.8 |
       Dungeon |   3447 |   3163 |    284 |    325 |   2087 |   4 |  861.8 |
               +--------+--------+--------+--------+--------+-----+--------+

Top non-repeatable levels by time:
     D:3: 1483 daAuts
     D:2: 1283 daAuts
     D:1: 639 daAuts
     D:4: 41 daAuts
